 Dungeon Crawl Stone Soup version 0.26.1-10-gdfb7c7de75 (webtiles) character file.

Game seed: 78813840304347273

45 nightchill the Skirmisher (level 3, -3/29 HPs)
             Began as a Demonspawn Fighter on Apr 6, 2021.
             Slain by a worker ant (7 damage)
             ... on level 2 of the Dungeon.
             The game lasted 00:01:33 (1887 turns).

nightchill the Skirmisher (Demonspawn Fighter)      Turns: 1887, Time: 00:01:33

Health: -3/29      AC:  5    Str: 17    XL:     3   Next: 42%
Magic:  3/3        EV:  9    Int:  9    God:
Gold:   49         SH:  8    Dex: 12    Spells: 2/2 levels left

rFire    . . .     SeeInvis .     - Unarmed
rCold    . . .     Faith    .   b - +0 kite shield
rNeg     . . .     Spirit   .   n - +0 ring mail
rPois    .         Reflect  .   (no helmet)
rElec    .         Harm     .   (no cloak)
rCorr    .         Rampage  .   (no gloves)
Will     .....                  (no boots)
Stlth    +.........             (no amulet)
HPRegen  0.09/turn              (no ring)
MPRegen  0.08/turn              (no ring)

@: lethally poisoned (-3 -> -16)
A: repulsion field 1
a: no special abilities


You were on level 2 of the Dungeon.
You visited 1 branch of the dungeon, and saw 2 of its levels.

You collected 49 gold pieces.

Inventory:

Armour
 a - a +0 scale mail
 b - a +0 kite shield (worn)
 n - a +0 ring mail (worn)
Jewellery
 o - an uncursed ring of stealth {unknown}
Scrolls
 d - a scroll of amnesia {unknown}
 f - 3 scrolls of enchant weapon {unknown}
 g - a scroll of identify {unknown}
 h - 2 scrolls of teleportation {unknown}
 i - 2 scrolls of remove curse {unknown}
 k - a scroll of fear {unknown}
 m - a scroll of immolation {unknown}
Potions
 c - a potion of might
 e - a potion of heal wounds {unknown}
 j - a potion of lignification {unknown}
 l - a potion of brilliance {unknown}


   Skills:
 + Level 3.5 Fighting
 - Level 2.6 Armour
 - Level 2.6 Shields
 * Level 3.1 Unarmed Combat


You had 2 spell levels left.
You didn't know any spells.
Your spell library was empty.

Dungeon Overview and Level Annotations

Branches:
Dungeon (2/15)

Altars:


Innate Abilities, Weirdness & Mutations

You are surrounded by a mild repulsion field. (EV +2)


Message History

You barely miss the worker ant.
The worker ant is moderately wounded.
The worker ant bites you.
* * * LOW HITPOINT WARNING * * *
You are lethally poisoned!
The worker ant poisons you! The worker ant barely misses you.
You hit the worker ant but do no damage.
The worker ant is moderately wounded.
* * * LOW HITPOINT WARNING * * *
You feel sick. The worker ant barely misses you.
You hit the worker ant.
The worker ant is heavily wounded.
* * * LOW HITPOINT WARNING * * *
You feel sick. The worker ant bites you.
* * * LOW HITPOINT WARNING * * *
You hit the worker ant.
The worker ant is severely wounded.
* * * LOW HITPOINT WARNING * * *
You feel sick. The worker ant bites you!
You die...

............#
####.........#
.............##############
...........................
#......#...##############.
#......######## ........
#......'....... .......<
#......########## ........
+......wB@......+ ........
#......########## ........
#......##### ........
#..........# ........
#..........# ........
#.........$# ........
#..........# ........
#....).....# ........
###........# ........


You could see a worm and a worker ant.

Vanquished Creatures
  A worm (D:2)
  2 dart slugs (D:2)
  3 leopard geckos (D:1)
  A ball python (D:1)
  3 bats
  2 giant cockroaches (D:1)
  4 goblins (D:1)
  4 hobgoblins (D:1)
  7 jackals (D:1)
  A frilled lizard (D:2)
  A kobold (D:1)
  2 rats (D:1)
31 creatures vanquished.

Notes
Turn   | Place    | Note
-------+----------+-------------------------------------------
     0 | D:1      | nightchill the Demonspawn Fighter began the quest for the
                  | Orb.
     0 | D:1      | Reached XP level 1. HP: 18/18 MP: 1/1
   288 | D:1      | Gained mutation: You are surrounded by a mild repulsion
                  | field. (EV +2) [demonic ancestry]
   288 | D:1      | Reached XP level 2. HP: 24/24 MP: 2/2
  1062 | D:1      | Reached XP level 3. HP: 21/29 MP: 3/3
  1887 | D:2      | Slain by a worker ant

Illustrated notes

Levels and vault maps discovered:
D:1:      lightli_arrival_maybe_door_vault, layout_basic, skrybe_limestone_x,
          minmay_misc_feat_enclosed, minmay_tetromino_o2
D:2:      layout_basic

Skill      XL: |  1  2  3 |
---------------+----------+-----
Unarmed Combat | 2 3 |  3.1
Fighting       | |  3.5
Armour         | |  2.6
Shields        | |  2.6

Action                   || total
-------------------------++-------
Melee: Unarmed           ||   161
Armor: Scale mail        ||    58
       Ring mail         ||     5
Dodge: Dodged            ||    46
Block: Kite shield       ||    74
